 Dungeon Crawl Stone Soup version 0.24.1-4-ge52af88ad5 (webtiles) character file.

Game seed: 12397618573209626877, levelgen mode: deterministic

52 lepoulpe303 the Sneak (level 3, -4/18 HPs)
             Began as a Spriggan Assassin on Apr 20, 2020.
             Killed by divine providence
             ... invoked by an orc priest
              (17 damage)
             ... on level 2 of the Dungeon.
             The game lasted 00:04:54 (757 turns).

lepoulpe303 the Sneak (Spriggan Assassin)            Turns: 757, Time: 00:04:54

Health: -4/18      AC:  3    Str:  7    XL:     3   Next: 60%
Magic:  4/4        EV: 17    Int: 13    God:
Gold:   25         SH:  0    Dex: 17    Spells: 2/2 levels left

rFire    . . .     SeeInvis +   a - +0 dagger (drain)
rCold    . . .     Gourm    .   (shield restricted)
rNeg     . . .     Faith    .   b - +0 robe
rPois    .         Spirit   .   (helmet restricted)
rElec    .         Reflect  .   c - +0 cloak
rCorr    .         Harm     .   (gloves unavailable)
MR       .....                  (boots unavailable)
Stlth    +++.......             (no amulet)
HPRegen  0.06/turn              (no ring)
MPRegen  0.09/turn              (no ring)

@: very quick
A: very small, unfitting armour, see invisible, herbivore, speed 3, slow
metabolism 2
a: no special abilities


You were on level 2 of the Dungeon.
You were not hungry.

You visited 1 branch of the dungeon, and saw 2 of its levels.

You collected 25 gold pieces.

Inventory:

Hand Weapons
 a - a +0 dagger of draining (weapon)
 q - a +2 dagger
Missiles
 d - a poisoned dart (quivered)
 f - 2 curare-tipped darts
 g - 8 atropa-tipped darts
Armour
 b - a +0 robe (worn)
 c - a +0 cloak (worn)
Scrolls
 h - a scroll of magic mapping {unknown}
 k - 2 scrolls of enchant armour {unknown}
 l - a scroll of teleportation {unknown}
 m - a scroll of noise {unknown}
 p - a scroll of fog {unknown}
Potions
 i - a potion of heal wounds {unknown}
 j - 2 potions of flight {unknown}
 n - 2 potions of curing {unknown}
 o - a potion of mutation {unknown}
Comestibles
 e - 3 rations


   Skills:
 + Level 1.9 Fighting
 * Level 3.0 Short Blades
 * Level 2.7 Throwing
 + Level 2.4 Dodging
 + Level 6.1 Stealth


You had 2 spell levels left.
You didn't know any spells.
Your spell library was empty.

Dungeon Overview and Level Annotations

Branches:
Dungeon (2/15)

Altars:


Innate Abilities, Weirdness & Mutations

You are very small and have problems with some larger weapons.
You are too small for most types of armour.
You have supernaturally acute eyesight. (SInv)
You are a herbivore.
You cover ground extremely quickly.
You need to consume almost no food.


Message History

You throw a poisoned dart. The poisoned dart hits the worm.
The worm is poisoned.
The worm bites you.
You take 4 damage, and have 13/18 hp.
MASSIVE DAMAGE!!
Throwing (i - inventory)
d - 2 poisoned darts (quivered)
Aim: a worm (heavily wounded, poisoned, lightly drained)
You throw a poisoned dart. The poisoned dart hits the worm.
The worm looks even sicker.
You hit the worm but do no damage. You drain the worm.
The worm closely misses you.
You hit the worm but do no damage. You drain the worm.
An orc comes into view. It is wielding a +0 hand axe.
An orc priest comes into view. It is wielding a +0 hand axe.
The orc priest shouts!
The orc shouts!
You hit the worm.
You kill the worm!
The orc priest calls down the wrath of Beogh upon you.
Beogh smites you!
Ouch! That really hurt!
You die...

#.........#
+.o.......+
.w......!
?..(... [o...
.(. #o# #(#
#@#
##(#######
##.........
#.....##.##
########...##
...........#
########.###
#<#####.#
#.......#


You could see an orc priest, an orc wizard and an orc.

Levels and vault maps discovered:
D:1:      dpeg_arrival_boxorama, layout_rooms
D:2:      layout_loops_corners

Notes
Turn   | Place    | Note
-------+----------+-------------------------------------------
     0 | D:1      | lepoulpe303 the Spriggan Assassin began the quest for the
                  | Orb.
     0 | D:1      | Reached XP level 1. HP: 10/10 MP: 2/2
   147 | D:1      | lepoulpe303: !whichgod spas
   147 | D:1      | meem: 61 recent wins for spas: 39x Dithmenos, 6x Gozag, 6x
                  | Wu Jian, 4x Okawaru, 2x Zin, 2x Ashenzari, Ru, Uskayaw
   191 | D:1      | Identified a +0 club
   198 | D:1      | Reached XP level 2. HP: 14/14 MP: 3/3
   203 | D:1      | Identified a +0 club
   344 | D:1      | Identified a +0 club
   400 | D:1      | Identified a cursed +0 club
   470 | D:1      | Reached skill level 2 in Dodging
   470 | D:1      | Reached skill level 6 in Stealth
   529 | D:1      | Identified a +0 short sword
   533 | D:1      | Identified a +0 dagger of draining
   687 | D:1      | Reached XP level 3. HP: 17/18 MP: 4/4
   745 | D:2      | Reached skill level 3 in Short Blades
   750 | D:2      | Identified a +2 dagger of holy wrath
   750 | D:2      | Identified a +0 robe
   756 | D:2      | Identified a +0 hand axe
   756 | D:2      | Identified a +0 hand axe
   757 | D:2      | Killed from afar by an orc priest

Table legend:
 A = Turns spent in this place as a percentage of turns spent in the entire game.
 B = Non-inter-level travel turns spent in this place as a percentage of non-inter-level travel turns spent in the entire game.
 C = Inter-level travel turns spent in this place as a percentage of turns spent in this place.
 D = Turns resting spent in this place as a percentage of non-inter-level travel turns spent in this place.
 E = Turns spent auto-exploring this place as a percentage of non-inter-level travel turns spent in this place.
 F = Non-inter-level travel turns spent in this place divided by the number of levels of this place that you've seen.
                   A       B       C       D       E      F
               +-------+-------+-------+-------+-------+----------------------
         Total | 100.0 | 100.0 |   1.5 |  21.0 |  38.9 | 373.0
       Dungeon | 100.0 | 100.0 |   1.5 |  21.0 |  38.9 | 373.0
               +-------+-------+-------+-------+-------+----------------------

Table legend:
 A = Kills in this place as a percentage of kills in entire the game.
 B = Kills by you in this place as a percentage of kills by you in the entire game.
 C = Kills by friends in this place as a percentage of kills by friends in the entire game.
 D = Other kills in this place as a percentage of other kills in the entire game.
 E = Experience gained in this place as a percentage of experience gained in the entire game.
 F = Experience gained in this place divided by the number of levels of this place that you have seen.
                   A       B       C       D       E      F
               +-------+-------+-------+-------+-------+----------------------
         Total | 100.0 | 100.0 |   N/A |   N/A | 100.0 |  37.5
       Dungeon | 100.0 | 100.0 |   N/A |   N/A | 100.0 |  37.5
               +-------+-------+-------+-------+-------+----------------------

Skill      XL: |  1  2  3 |
---------------+----------+-----
Dodging        | 2 |  2.4
Stealth        | 6 |  6.1
Short Blades   | 3 |  3.0
Fighting       | |  1.9
Throwing       | |  2.7

Action                   || total
-------------------------++-------
Melee: Dagger            ||    74
Throw: Dart              ||    12
 Stab: Sleeping          ||     9
       Distracted        ||     1
Armor: Robe              ||     5
Dodge: Dodged            ||    49

Vanquished Creatures
  2 adders (D:2)
  An ooze (D:1)
  A worm (D:2)
  A dart slug (D:1)
  A leopard gecko (D:1)
  2 hobgoblins (D:1)
  2 jackals (D:1)
  3 bats (D:1)
  4 frilled lizards (D:1)
  4 goblins (D:1)
  5 kobolds
  2 rats (D:1)
28 creatures vanquished.
